 Dungeon Crawl Stone Soup version 0.31.0-12-g77e489cdc1 (webtiles) character file.

Game seed: 13944360719005180992

85 Cheops the Ruffian (level 4, -4/28 HPs)
             Began as an Octopode Shapeshifter on Feb 24, 2024.
             Slain by a gnoll
             ... wielding a +0 spear
              (6 damage)
             ... on level 4 of the Dungeon.
             The game lasted 00:03:49 (2315 turns).

Cheops the Ruffian (Octopode Shapeshifter)          Turns: 2315, Time: 00:03:50

Health: -4/28      AC:  1    Str: 15    XL:     4   Next: 48%
Magic:  4/4        EV:  7    Int: 12    God:
Gold:   136        SH:  0    Dex: 11    Spells: 3/3 levels left

rFire   . .          .
                       - Unarmed
rCold   . . .        (no shield)
rNeg    . . .        (helmet currently unavailable)
rPois   +            (no amulet)
rElec   .            k - ring of poison resistance
rCorr   +            o - ring of resist corrosion
SInv    .            (no ring)
Will    .....        (no ring)
Stlth   ++           (no ring)
HPRegen 0.24/turn    (no ring)
MPRegen 0.09/turn    (no ring)
                     (no ring)

%: no passive effects
@: beast-form, held
A: beast (slay +1), almost no armour, amphibious, 8 rings, camouflage 1,
gelatinous body 1, (nimble swimmer 1), tentacles
a: Begin Untransformation


You were on level 4 of the Dungeon.
You were a hulking beast.
You visited 1 branch of the dungeon, and saw 4 of its levels.

You collected 136 gold pieces.

Inventory:

Hand Weapons
 b - the +6 Majin-Bo {spellvamp, MP+6 Int+6}
   (You found it on level 2 of the Dungeon)

   Int+6:     It affects your intelligence (+6).
   MP+6:      It affects your magic capacity (+6).
Jewellery
 k - a ring of poison resistance (left tentacle)
 o - a ring of resist corrosion (right tentacle)
Talismans
 A - a beast talisman (active)
 B - a flux talisman
Wands
 l - a wand of iceblast (13)
 p - a wand of acid (8)
 r - a wand of flame (22)
Scrolls
 d - 4 scrolls of identify {unknown}
 e - 2 scrolls of vulnerability {unknown}
 f - 2 scrolls of noise {unknown}
 g - 2 scrolls of fear {unknown}
 h - 5 scrolls of teleportation {unknown}
 j - a scroll of immolation {unknown}
Potions
 a - a potion of lignification
 c - a potion of attraction {unknown}
 i - 2 potions of curing {unknown}
 m - 2 potions of brilliance {unknown}
 n - 2 potions of might {unknown}
 q - 2 potions of heal wounds {unknown}


   Skills:
 - Level 1.0 Fighting
 - Level 2.0 Dodging
 - Level 5.0 Unarmed Combat
 * Level 0.5 Evocations
 + Level 3.1 Shapeshifting


You had 3 spell levels left.
You didn't know any spells.
Your spell library contained the following spells:

 Spells                   Type           Power      Damage    Failure   Level
 Slow                     Hex            0%         N/A       32%         1
 Confusing Touch          Hex            0%         N/A       69%         3
 Sigil of Binding         Hex            0%         N/A       69%         3
 Vampiric Draining        Necr           0%         2d6       69%         3


Dungeon Overview and Level Annotations

Branches:
Dungeon (4/15)
 Temple: D:4-7

Altars:
Kikubaaqudgha

Shops:
D:3 [


Innate Abilities, Weirdness & Mutations

You are a hulking beast.
Your limbs bulge with bestial killing power. (Slay +1)
You cannot wear most types of armour.
You are amphibious.
You can wear up to eight rings at the same time.
Your skin changes colour to match your surroundings (Stealth+).
Your rubbery body absorbs attacks. (AC +1, EV +1)
((You are camouflaged when in or above water. (Stealth+)))
You have tentacles for arms and can constrict up to eight enemies at once.


Message History

You constrict the gnoll. The gnoll barely misses you.
The gnoll hits you from afar with a +0 spear!
* * * LOW HITPOINT WARNING * * *
A gnoll comes into view.
It is wielding a +0 flail and quivering 2 throwing nets.
Unknown command.
Unknown command.
Unknown command.
Unknown command.
You tentacle-slap the gnoll.
You kill the gnoll!
The gnoll hits you from afar with a +0 spear.
* * * LOW HITPOINT WARNING * * *
The gnoll throws a throwing net.
The throwing net barely misses you.
The throwing net hits the hobgoblin.
The hobgoblin is caught in the net!
Training target 5.0 for Unarmed Combat reached!
Your Unarmed Combat skill increases to level 5!
The hobgoblin struggles against the net.
The hobgoblin struggles against the net.
The hobgoblin struggles against the net.
Unknown command.
The hobgoblin struggles against the net.
Unknown command.
Unknown command.
The gnoll attacks as it pursues you!
The gnoll hits you from afar with a +0 spear.
* * * LOW HITPOINT WARNING * * *
The hobgoblin struggles against the net.
The gnoll throws a throwing net.
The throwing net hits you.
You become entangled in the net!
You see here a throwing net.
You tear a large gash into the net.
The gnoll hits you from afar with a +0 spear.
* * * LOW HITPOINT WARNING * * *
The hobgoblin struggles against the net.
The net rips apart, and the hobgoblin comes free!
Unknown command.
Unknown command.
You struggle against the net.
The gnoll hits you from afar with a +0 spear.
You die...

....'........ ....#........
....#..##..##
...##..########+#
...#....+.......+ ....
...#....#.......# ....
...#.####..###..# ....
.###.####..###..########..#.
.+...........#..h.g.........
.#...........#.....g....##
.#.........).#........g..#
.#+####+######..#####.#...#
## #..# #)# ..# ..... ..# ##
...... ...# ....... ....#
##.# ####..


You could see 2 gnolls and a hobgoblin.

Vanquished Creatures
  A gnoll (D:4)
  An adder (D:2)
  A white imp (D:3)
  2 dart slugs
  3 ribbon worms
  An orc (D:3)
  5 ball pythons
  3 endoplasms (D:2)
  A giant cockroach (D:1)
  4 goblins
  4 hobgoblins
  A quokka (D:3)
  4 bats
  5 frilled lizards
  7 kobolds
  6 rats
49 creatures vanquished.

Vanquished Creatures (others)
  A human (D:3)
1 creature vanquished.

Grand Total: 50 creatures vanquished

Notes
Turn   | Place    | Note
-------+----------+-------------------------------------------
     0 | D:1      | Cheops the Octopode Shapeshifter began the quest for the
                  | Orb.
     0 | D:1      | Reached XP level 1. HP: 13/13 MP: 1/1
   110 | D:1      | Reached XP level 2. HP: 12/18 MP: 2/2
   882 | D:2      | Reached skill level 4 in Unarmed Combat
  1012 | D:2      | Reached XP level 3. HP: 23/23 MP: 3/3
  1068 | D:2      | Found the +6 Majin-Bo {spellvamp, MP+6 Int+6}
  1582 | D:3      | Found an ancient bone altar of Kikubaaqudgha.
  1583 | D:3      | Noticed a human
  1585 | D:3      | Killed a human
  1629 | D:3      | Reached XP level 4. HP: 21/28 MP: 4/4
  2106 | D:3      | Found Noboz's Armour Shop.
  2309 | D:4      | Reached skill level 5 in Unarmed Combat
  2315 | D:4      | Slain by a gnoll

Illustrated notes

Levels and vault maps discovered:
D:1:      dpeg_arrival_leaves_temple_mockup, layout_basic
D:2:      layout_loops_ring
D:3:      layout_basic, tgw_kikubaaqudgha, serial_shops,
          nicolae_shop_getting_attention
D:4:      layout_gridville, roderic_malta_cross

Skill      XL: |  1  2  3  4 |
---------------+-------------+-----
Unarmed Combat | 4 5 |  5.0
Fighting       | |  1.0
Dodging        | |  2.0
Evocations     | |  0.5
Shapeshifting  | |  3.1

Action                     |  1- 3 |  4- 6 || total
---------------------------+-------+-------++-------
  Melee: Unarmed           |    71 |    22 ||    93
         Constrict         |    18 |     4 ||    22
         Tentacles         |     9 |     2 ||    11
         Punch             |     1 |       ||     1
Ability: Begin Untransform |     1 |       ||     1
   Stab: Sleeping          |     4 |     2 ||     6
 Armour: Skin              |    21 |     9 ||    30
  Dodge: Dodged            |    36 |    14 ||    50
   Form: Beast             |     1 |       ||     1
